 Dungeon Crawl Stone Soup version 0.30.0 (webtiles) character file.

Game seed: 5531461032666897695

75 GloriousHammer the Chopper (level 4, -1/40 HPs)
             Began as a Hill Orc Monk on May 5, 2023.
             Was a Believer of Beogh.
             Killed from afar by Grinder (12 damage)
             ... with a puff of flame
             ... on level 3 of the Dungeon.
             The game lasted 00:04:07 (1809 turns).

GloriousHammer the Chopper (Hill Orc Monk)          Turns: 1809, Time: 00:04:08

Health: -1/40      AC:  6    Str: 15    XL:     4   Next: 31%
Magic:  4/4        EV: 11    Int: 10    God:    Beogh [**....]
Gold:   72         SH:  0    Dex: 13    Spells: 3/3 levels left

rFire   . . .        a - +0 hand axe
rCold   . . .        d - orb {light}
rNeg    . . .        l - +0 ring mail
rPois   .            (no helmet)
rElec   .            (no cloak)
rCorr   .            (no gloves)
SInv    .            s - +0 pair of boots
Will    .....        (no amulet)
Stlth   +            (no ring)
HPRegen 0.26/turn    (no ring)
MPRegen 0.09/turn

%: no passive effects
@: glowing
A: no striking features
a: Renounce Religion, Smiting


You were on level 3 of the Dungeon.
You worshipped Beogh.
Beogh was pleased with you.
You visited 1 branch of the dungeon, and saw 3 of its levels.

You collected 72 gold pieces.

Inventory:

Hand Weapons
 a - a +0 hand axe (weapon)
 m - a +0 sling
Missiles
 e - a throwing net (quivered)
 g - 26 stones
Armour
 d - an orb of light (worn)
 l - a +0 ring mail (worn)
 s - a +0 pair of boots (worn)
Scrolls
 b - a scroll of immolation
 j - a scroll of butterflies {unknown}
 k - a scroll of poison {unknown}
 n - 2 scrolls of identify {unknown}
 o - a scroll of silence {unknown}
 p - a scroll of vulnerability {unknown}
Potions
 c - a potion of ambrosia
 f - a potion of might {unknown}
 h - a potion of curing {unknown}
 i - a potion of haste {unknown}
 q - a potion of mutation {unknown}
 r - a potion of cancellation {unknown}


   Skills:
 + Level 4.2 Fighting
 * Level 5.3 Axes
 + Level 1.1 Armour
 + Level 2.8 Dodging
 + Level 0.1 Invocations


You had 3 spell levels left.
You didn't know any spells.
Your spell library contained the following spells:

 Spells                   Type           Power      Damage    Failure   Level
 Tukima's Dance           Hex            0%         N/A       92%         3
 Passage of Golubria      Tloc           0%         N/A       100%        4
 Petrify                  Tmut/Erth      0%         N/A       100%        4
 Metabolic Englaciation   Hex/Ice        0%         N/A       100%        5
 Yara's Violent Unravell  Hex/Tmut       0%         3d3       100%        5
 Statue Form              Tmut/Erth      0%         N/A       100%        6


Dungeon Overview and Level Annotations

Branches:
Dungeon (3/15)

Altars:

Annotations:
D:2 exclusion: downstairs
D:3 Grinder


Message History

There is a stone staircase leading down here.
You climb downwards.
Level annotation: Grinder
Found a scroll labelled JIYSUTR ZUUR.
There is a stone staircase leading up here.
n - 2 scrolls labelled JIYSUTR ZUUR (gained 1)
A bat comes into view.
A bat is nearby!
You barely miss the bat. The bat closely misses you.
You slash the bat!
You kill the bat!
No target in view!
You see here a bat corpse.
A frilled lizard comes into view.
The frilled lizard hisses angrily.
The frilled lizard moves out of view.
You hit the frilled lizard but do no damage.
The frilled lizard bites you but does no damage.
You barely miss the frilled lizard.
The frilled lizard hisses.
The frilled lizard barely misses you.
You hit the frilled lizard but do no damage.
The frilled lizard closely misses you.
You closely miss the frilled lizard. The frilled lizard closely misses you.
You closely miss the frilled lizard.
The frilled lizard bites you but does no damage.
The frilled lizard barely misses you.
You hit the frilled lizard but do no damage.
The frilled lizard misses you.
You hit the frilled lizard.
You kill the frilled lizard!
Your Armour skill increases to level 1!
You open the door.
There is an open door here.
You open the door.
An endoplasm comes into view.
The endoplasm quivers.
An endoplasm is nearby!
There is an open door here.
The endoplasm hits you but does no damage.
You hit the endoplasm.
The endoplasm is almost dead.
The endoplasm freezes you.
You are frozen.
You hit the endoplasm.
You kill the endoplasm!
HP restored. 2 orcs, an orc wizard and an orc priest come into view.
An orc is wielding a +0 club and quivering silver boomerangs.
The orc shouts! x2; The orc wizard shouts!
The orc priest threatens, "By the altar or by the axe, you will meet Beogh!" (press Y on the ability menu to convert to Beogh)
The orc priest shouts!
The orc priest invokes the aid of Beogh against you.
Beogh smites you!
The orc wizard casts a spell.
The orc wizard flickers and vanishes!
Deactivating autopickup; reactivate with Ctrl-A.
Unknown command.
You bow before the missionary of Beogh.
Beogh welcomes you!
You can now smite your foes.
With a roar of approval, the orcs welcome you as one of their own, and spare your life.
You swap places.
You swap places.
You swap places.
You swap places.
Found a stone staircase leading down.
There is a stone staircase leading down here.
Found 9 gold pieces.
You see here 9 gold pieces.
A frilled lizard comes into view.
The frilled lizard hisses angrily.
A frilled lizard is nearby!
The frilled lizard bites you but does no damage.
You closely miss the frilled lizard. The frilled lizard bites you.
You barely miss the frilled lizard.
The frilled lizard bites you but does no damage.
You hit the frilled lizard.
You kill the frilled lizard!
Beogh accepts your kill.
You see here a frilled lizard corpse.
A bat comes into view.
A bat is nearby!
A bat is nearby!
Found 2 stones.
The bat barely misses you. The bat closely misses you.
A kobold comes into view. It is wielding a +0 club.
The kobold shouts!
You hear a shout!
The bat hits you but does no damage. x2
You hear a shout!
You hit the bat but do no damage. The bat misses you.
The bat closely misses you. The bat barely misses you.
The kobold throws a stone.
The stone closely misses you.
You hit the bat.
You kill the bat!
Beogh accepts your kill.
A kobold comes into view. It is wielding a +0 short sword.
An orc comes into view. It is wielding a +0 mace.
The orc shouts!
The kobold hits you with a +0 club.
You hit the kobold.
The kobold is severely wounded.
The kobold completely misses you.
You hit the kobold.
You kill the kobold!
Beogh accepts your kill.
An endoplasm comes into view.
An orc comes into view. It is wielding a +0 club.
Things that are here:
a +0 club; 4 stones You hit the orc.
The orc is almost dead.
The orc misses you.
You hit the orc.
You kill the orc!
Beogh accepts your kill.
Found 11 gold pieces.
The endoplasm hits you.
Things that are here:
a +0 mace; an orc corpse You hit the endoplasm.
The endoplasm is lightly wounded.
The endoplasm barely misses you.
You hit the endoplasm.
The endoplasm is heavily wounded.
The endoplasm freezes you.
You are frozen.
You slash the endoplasm!
You kill the endoplasm!
Beogh accepts your kill.
You hit the orc.
The orc is lightly wounded.
The orc hits you but does no damage.
You hit the orc but do no damage.
The orc is lightly wounded.
A hobgoblin comes into view.
Grinder blinks!
The orc barely misses you.
Things that are here:
a +0 club; 4 stones You hit the orc.
The orc is moderately wounded.
The orc completely misses you.
You barely miss the orc.
The orc is moderately wounded.
An orc comes into view. It is wielding a +0 war axe.
The orc misses you.
You slash the orc!
You kill the orc!
Beogh accepts your kill.
You hear a shout! x4
You hit Grinder but do no damage. Grinder closely misses you.
An orc wizard comes into view. It is wielding a +0 dagger.
Unknown command.
You hit Grinder.
Grinder is lightly wounded.
You hit the orc. The orc completely misses you.
The orc wizard casts a spell.
The orc wizard flickers and vanishes for a moment.
Grinder hits you.
You writhe in agony.
You hear a shout!
You hit Grinder but do no damage.
Grinder is lightly wounded.
You hit the orc but do no damage. Grinder hits you but does no damage.
The orc barely misses you.
Unknown command.
You hit Grinder.
Grinder is lightly wounded.
You hit the orc but do no damage. Grinder barely misses you.
The orc closely misses you.
You hit Grinder but do no damage.
Grinder is lightly wounded.
You hit the orc. The orc hits you with a +0 war axe. Grinder barely misses you.
Unknown command.
You hit Grinder.
Grinder is lightly wounded.
You hit the orc.
You kill the orc!
Beogh accepts your kill. Grinder hits you.
You writhe in agony.
Grinder says, "There's only one good use for a tongue: cutting it out."
Grinder zaps a wand.
The puff of flame hits you.
An orc comes into view. It is wielding a +0 dagger.
Unknown command.
You barely miss Grinder.
Grinder is lightly wounded.
Grinder hits you.
You writhe in agony.
Unknown command.
Unknown command.
Okay, then.
You hit Grinder but do no damage.
Grinder is lightly wounded.
You barely miss the orc. The orc hits you but does no damage.
Grinder gestures at you. Pain shoots through your body!
* * * LOW HITPOINT WARNING * * *
You hit Grinder.
Grinder is moderately wounded.
You hit the orc. The orc barely misses you.
Grinder zaps a wand.
The puff of flame hits you!
You die...

..# ##...##
#.##..##.# ... ..
#+## #.##..##.# .###
.. #.#####.........
.
#.###..........#####
# ......######..# #.
#..(.######..# #.#
#.....##.....#
g.##..†.# #.##.##
##.#@...###.##.#
#.g5#o....†....#
##o##..#########
..##...# #..#.....#
#.##K###.# ..##..
#.# ... .. #.# ## #.


You could see Grinder, an orc wizard (invisible), an orc and a hobgoblin.

Vanquished Creatures
  2 adders (D:2)
  A dart slug (D:2)
  3 orcs (D:3)
  8 ball pythons
  5 endoplasms
  2 giant cockroaches (D:1)
  5 goblins
  2 hobgoblins (D:2)
  A quokka (D:2)
  7 bats
  5 frilled lizards
  7 kobolds
  2 rats
50 creatures vanquished.

Notes
Turn   | Place    | Note
-------+----------+-------------------------------------------
     0 | D:1      | GloriousHammer the Hill Orc Monk began the quest for the
                  | Orb.
     0 | D:1      | Reached XP level 1. HP: 19/19 MP: 1/1
   166 | D:1      | Reached XP level 2. HP: 18/27 MP: 2/2
   884 | D:2      | Reached XP level 3. HP: 33/33 MP: 3/3
   954 | D:2      | Reached skill level 5 in Axes
  1197 | D:2      | Reached XP level 4. HP: 40/40 MP: 4/4
  1388 | D:2      | Found a faded altar of an unknown god.
  1538 | D:3      | Noticed Grinder
  1625 | D:3      | Reached skill level 1 in Armour
  1662 | D:3      | Became a worshipper of Beogh the Brigand
  1662 | D:3      | Reached * piety under Beogh
  1662 | D:3      | Reached ** piety under Beogh
  1809 | D:3      | Killed from afar by Grinder

Illustrated notes

Levels and vault maps discovered:
D:1:      psy_arrival_whirlpool, layout_loops_ring
D:2:      layout_basic, shapermc_ecumenical_altar_notcrosses
D:3:      layout_loops_corners, minmay_pentomino_pile, uniq_terence,
          uniq_grinder

Skill      XL: |  1  2  3  4 |
---------------+-------------+-----
Fighting       | 4 |  4.2
Axes           | 5 |  5.3
Armour         | 1 |  1.1
Dodging        | |  2.8
Invocations    | |  0.1

Action                     |  1- 3 |  4- 6 || total
---------------------------+-------+-------++-------
  Melee: Hand axe          |    94 |    44 ||   138
 Invoke: Convert to Beogh  |       |     1 ||     1
    Use: Scroll            |       |     1 ||     1
 Armour: Robe              |    13 |       ||    13
         Ring mail         |    10 |    11 ||    21
  Dodge: Dodged            |    61 |    29 ||    90
